Map: Ruins of Endion

Players

rowfl - Winner!

  • Race: Terran Terran
  • League: Gold

capac

  • Race: Terran Terran
  • League: Gold

VOD

Have the link to the VOD?

Description

Time

  • Played on: April 25, 2016, 5:51 p.m.
  • Length: 6:47
Show
View Real Time Build Order
Export as new Build Order

rowfl Terran - Winner!

Build Orders: 1/1/1 

Get SALT Encoding   

  12  0:01  SCV  
  13  0:13  SCV  
  14  0:20  Supply Depot  
  14  0:25  SCV  
  15  0:31  Refinery  
  15  0:42  SCV  
  16  0:47  Barracks  
  16  0:54  SCV  
  17  0:59  Refinery  
  17  1:06  SCV  
  18  1:13  Supply Depot  
  19  1:18  SCV  
  19  1:30  SCV  
  20  1:34  Reaper  
  21  1:42  Factory  
  21  1:46  SCV  
  22  1:58  SCV  
  23  2:06  Marine  
  24  2:10  Orbital Command  
  24  2:24  Marine  
  24  2:27  Starport, Factory Tech Lab  
  25  2:42  Marine  
  26  2:47  Siege Tank  
  29  2:51  Supply Depot  
  29  3:00  SCV  
  29  3:01  Marine  
  31  3:12  Medivac  
  31  3:18  Supply Depot  
  31  3:19  Siege Tank  
  36  3:21  Marine  
  37  3:28  Engineering Bay  
  37  3:36  Supply Depot  
  37  3:37  SCV  
  37  3:38  Marine  
  39  3:48  Viking  
  41  3:52  Siege Tank  
  44  3:59  Missile Turret  
  44  4:20  Marine  
  41  4:29  Siege Tank  
  41  4:30  Viking  
  46  4:37  Marine  
  47  4:55  Marine  
  48  5:01  Siege Tank  
  51  5:07  Command Center  
  51  5:10  Barracks  
  51  5:13  Marine  
  52  5:19  Viking  
  54  5:24  Supply Depot  
  54  5:31  Marine  
  55  5:48  Missile Turret  
  55  5:49  Marine  
  52  6:01  Siege Tank  
  52  6:02  Viking  
  52  6:03  SCV  
  58  6:06  Marine  
  59  6:15  SCV  
  60  6:24  Marine  
  61  6:27  SCV  
  61  6:28  Barracks  
Show
View Real Time Build Order
Export as new Build Order

capac Terran 

Build Orders:  

Get SALT Encoding   

  12  0:01  SCV  
  13  0:14  SCV  
  13  0:18  Supply Depot  
  14  0:26  SCV  
  15  0:40  SCV  
  15  0:42  Barracks  
  16  0:52  SCV  
  16  0:55  Refinery  
  17  1:08  SCV  
  18  1:20  SCV  
  19  1:35  Command Center  
  19  1:36  Marine  
  19  1:39  Orbital Command  
  20  1:48  Supply Depot  
  20  1:55  Marine  
  21  2:02  Factory  
  21  2:10  Refinery  
  21  2:17  Barracks Reactor  
  21  2:23  Barracks  
  21  2:30  SCV  
  21  2:48  Factory Tech Lab  
  21  2:53  SCV  
  21  2:54  Marine  
  21  2:55  Marine  
  24  3:02  Starport  
  24  3:09  SCV  
  25  3:18  Barracks Tech Lab, Orbital Command  
  25  3:19  Marine x2  
  27  3:21  SCV  
  28  3:33  SCV  
  29  3:38  Siege Tank  
  32  3:50  SCV x2  
  32  3:52  Supply Depot  
  32  3:54  Medivac  
  36  4:02  Engineering Bay  
  29  4:30  SCV  
  29  4:31  Marine x2, SCV  
  30  4:32  Siege Tank  
  33  5:03  SCV x2  
  35  5:15  SCV x2  
  35  5:20  Marine x3  
  40  5:32  Siege Tank  
  43  5:37  Marine, SCV x2  
  43  5:38  Marine  
  47  5:50  Starport Reactor  
Tags
 
League
GoldGold
Matchup
TvT
Opening
1/1/1
Race
Terran
Add a new tag
Caveats
  • Supply blocks, unpowered buildings, or Contaminate may cause inaccurate times.
  • Supply counts are checked every 10 seconds.